 Dungeon Crawl Stone Soup version 0.26.1-11-gd32895ea62 (webtiles) character file.

Game seed: 132552953034709150

186 Almogavar the Sneak (level 5, 0/26 HPs)
             Began as a Spriggan Brigand on June 20, 2021.
             Slain by an orc wizard
             ... wielding a +0 dagger
              (5 damage)
             ... on level 3 of the Dungeon.
             The game lasted 00:11:29 (3679 turns).

Almogavar the Sneak (Spriggan Brigand)              Turns: 3679, Time: 00:11:30

Health: 0/26       AC:  3    Str:  7    XL:     5   Next: 38%
Magic:  6/6        EV: 19    Int: 13    God:
Gold:   113        SH:  0    Dex: 18    Spells: 4/4 levels left

rFire    . . .     SeeInvis +   a - +2 dagger
rCold    + . .     Faith    .   (shield restricted)
rNeg     . . .     Spirit   .   b - +0 robe
rPois    .         Reflect  .   (helmet restricted)
rElec    .         Harm     .   c - +0 cloak
rCorr    +         Rampage  .   (gloves unavailable)
Will     .....                  (boots unavailable)
Stlth    ++++......             (no amulet)
HPRegen  0.08/turn              u - ring of resist corrosion
MPRegen  0.10/turn              v - ring of protection from cold

@: hasted, very quick
A: very small, unfitting armour, see invisible, speed 3
a: no special abilities


You were on level 3 of the Dungeon.
You visited 1 branch of the dungeon, and saw 3 of its levels.

You collected 113 gold pieces.

Inventory:

Hand Weapons
 a - a +2 dagger (weapon)
Missiles
 d - 19 poisoned darts (quivered)
 e - 2 curare-tipped darts
Armour
 b - a +0 robe (worn)
 c - a +0 cloak (worn)
 g - a +0 kite shield
 x - a +0 leather armour
Jewellery
 u - a ring of resist corrosion (left hand)
 v - a ring of protection from cold (right hand)
Scrolls
 j - 3 scrolls of noise {unknown}
 k - 2 scrolls of teleportation {unknown}
 m - 2 scrolls of identify {unknown}
 n - a scroll of remove curse {unknown}
 o - a scroll of enchant armour {unknown}
 r - a scroll of amnesia {unknown}
 s - a scroll of random uselessness {unknown}
 w - a scroll of fear {unknown}
Potions
 f - a potion of berserk rage {unknown}
 h - a potion of heal wounds {unknown}
 i - a potion of cancellation
 l - a potion of lignification {unknown}
 p - a potion of degeneration {unknown}
 q - a potion of haste
 t - a potion of flight {unknown}


   Skills:
 + Level 2.1 Fighting
 + Level 3.9 Short Blades
 + Level 2.6 Throwing
 + Level 3.5 Dodging
 + Level 7.2 Stealth


You had 4 spell levels left.
You didn't know any spells.
Your spell library was empty.

Dungeon Overview and Level Annotations

Branches:
Dungeon (3/15)

Altars:


Innate Abilities, Weirdness & Mutations

You are very small and have problems with some larger weapons.
You are too small for most types of armour.
You have supernaturally acute eyesight. (SInv)
You cover ground extremely quickly.


Message History

The orc wizard points at you and mumbles some strange words.
The puff of frost hits you. You resist.
The orc wizard gestures at you while chanting.
The magic dart hits you. The orc wizard barely misses you.
You miss the orc wizard. The orc wizard misses you.
You hit the orc wizard.
The orc wizard is moderately wounded.
The orc wizard hits you with a +0 dagger.
* * * LOW HITPOINT WARNING * * *
The orc wizard hits you but does no damage.
The orc wizard hits you with a +0 dagger.
* * * LOW HITPOINT WARNING * * *
Sorry, you're not good enough to have a special ability.
It was a potion of cancellation.
You feel magically purged. The orc wizard barely misses you.
The orc wizard closely misses you.
The orc wizard hits you but does no damage.
It was a potion of haste.
You feel yourself speed up.
The orc wizard hits you with a +0 dagger.
You die...

..##..........##
###
...#..(........+
#.#
...##.(......####
#.#
#.###..(...####.#
#.#
....##...####.#.#
#.# .#####)###
#.#o## #.# .#
#.## ##..#.## #.#
.# #..# #.o###o#
#.# .#####o.#
##..#@## #.######
......o.# #.#o##
#......#
.#####.## #o###
######.#
.#####.######.#
#.#
.>..((...([)..#
#.######
..............#
#....<..
###############
########


You could see 2 orc wizards.

Vanquished Creatures
  An orc priest (D:3)
  7 adders
  An ooze (D:1)
  6 dart slugs
  5 leopard geckos
  6 orcs (D:3)
  A ball python (D:3)
  9 bats
  2 goblins (D:2)
  6 hobgoblins
  8 jackals (D:1)
  A frilled lizard (D:1)
  9 kobolds
  6 rats
68 creatures vanquished.

Notes
Turn   | Place    | Note
-------+----------+-------------------------------------------
     0 | D:1      | Almogavar the Spriggan Brigand began the quest for the Orb.
     0 | D:1      | Reached XP level 1. HP: 10/10 MP: 2/2
    46 | D:1      | Reached skill level 6 in Stealth
    59 | D:1      | Reached XP level 2. HP: 3/14 MP: 3/3
   822 | D:1      | Reached XP level 3. HP: 17/18 MP: 4/4
  1559 | D:2      | Reached XP level 4. HP: 23/23 MP: 5/5
  2228 | D:2      | Reached skill level 7 in Stealth
  3185 | D:3      | Reached XP level 5. HP: 15/26 MP: 6/6
  3679 | D:3      | Slain by an orc wizard

Illustrated notes

Levels and vault maps discovered:
D:1:      dpeg_arrival_pond, layout_rooms
D:2:      layout_basic, serial_glass, glass_columns_c, glass_columns_a,
          glass_columns_b
D:3:      minmay_skewed_foursquare, layout_loops_ring

Skill      XL: |  1  2  3  4 |
---------------+-------------+-----
Stealth        | 6 7 |  7.2
Dodging        | 2 3 |  3.5
Short Blades   | 3 |  3.9
Fighting       | 2 |  2.1
Throwing       | |  2.6

Action                   |  1- 3 |  4- 6 || total
-------------------------+-------+-------++-------
Melee: Dagger            |   151 |   146 ||   297
Throw: Dart              |    13 |    30 ||    43
  Use: Potion            |       |     2 ||     2
 Stab: Sleeping          |     3 |     3 ||     6
Armor: Robe              |    12 |    18 ||    30
Dodge: Dodged            |   134 |   124 ||   258
